 Dungeon Crawl Stone Soup version 0.28-a0-2-g643f2454ad (webtiles) character file.

Game seed: 13347652239106561815

8394 robertstho the Grappler (level 11, 0/160 HPs)
             Began as a Troll Berserker on July 22, 2021.
             Was a High Priest of Trog.
             Slain by a skeletal warrior (7 damage)
             ... on level 10 of the Dungeon.
             The game lasted 00:11:55 (7520 turns).

robertstho the Grappler (Troll Berserker)           Turns: 7520, Time: 00:11:55

Health: 0/160      AC:  9    Str: 28    XL:     11   Next: 9%
Magic:  28/28      EV: 10    Int:  5    God:    Trog [*****.]
Gold:   492        SH:  0    Dex:  9    Spells: 10/10 levels left

rFire   . . .      SeeInvis .     - Unarmed
rCold   . . .      Faith    .   (no shield)
rNeg    . . .      Spirit   .   l - +0 acid dragon scales
rPois   .          Reflect  .   (helmet restricted)
rElec   .          Harm     .   (no cloak)
rCorr   +          Rampage  .   (gloves unavailable)
Will    .....                   (boots unavailable)
Stlth   ..........              (no amulet)
HPRegen 1.36/turn               o - ring of magical power
MPRegen 0.21/turn               r - ring of magical power

@: berserking (expiring), very quick
A: large, unfitting armour, claws 3, regeneration 1, shaggy fur 1, tough skin 1
a: Renounce Religion, Berserk, Trog's Hand, Brothers in Arms


You were on level 10 of the Dungeon.
You worshipped Trog.
Trog was extremely pleased with you.
You visited 1 branch of the dungeon, and saw 10 of its levels.
You also visited: Sewer.

You collected 492 gold pieces.

Inventory:

Hand Weapons
 e - a +1 hand axe of flaming
Armour
 l - +0 acid dragon scales (worn)
Jewellery
 o - a ring of magical power (left claw)
 r - a ring of magical power (right claw)
Wands
 c - a wand of charming (10)
Scrolls
 a - 3 scrolls of identify
 g - a scroll of acquirement {unknown}
 h - a scroll of immolation
 m - 2 scrolls of fog
 q - 4 scrolls of teleportation
 s - a scroll of silence {unknown}
Potions
 d - 2 potions of cancellation
 f - 3 potions of curing
 i - a potion of mutation {unknown}
 j - 5 potions of heal wounds {unknown}
 k - a potion of attraction {unknown}
 n - a potion of haste
 p - a potion of flight {unknown}


   Skills:
 * Level 6.4 Fighting
 * Level 7.0 Armour
 + Level 5.6 Dodging
 + Level 1.1 Stealth
 + Level 11.8 Unarmed Combat


You had 10 spell levels left.
You didn't know any spells.
Your spell library was empty.

Dungeon Overview and Level Annotations

Branches:
Dungeon (10/15)            Temple (0/1) D:4            Lair (0/6) D:8
  Sewer (visited)
    Orc: D:9-12

Altars:
Cheibriados
Dithmenos
Fedhas
Makhleb
Nemelex Xobeh
Sif Muna
Uskayaw
Xom
Zin
Beogh

Shops:
D:1 :?(   D:4 =

Annotations:
D:8 Maurice


Innate Abilities, Weirdness & Mutations

You are too large for most types of armour.
You have claws for hands.
Your natural rate of healing is unusually fast.
You are covered in fur. (AC +1)
You have tough skin. (AC +1)


Message History

The skeletal warrior is moderately damaged.
The skeletal warrior barely misses you.
The skeletal warrior blocks your attack.
The skeletal warrior is moderately damaged.
You closely miss the skeletal warrior.
The skeletal warrior blocks your attack.
The skeletal warrior is moderately damaged.
The skeletal warrior hits you with a +7 flail!
You barely miss the skeletal warrior.
The skeletal warrior is moderately damaged.
You claw the skeletal warrior!
The skeletal warrior is heavily damaged.
The skeletal warrior misses you.
You claw the skeletal warrior!
The skeletal warrior is severely damaged.
The skeletal warrior blocks your attack.
The skeletal warrior is severely damaged.
The skeletal warrior closely misses you.
The skeletal warrior blocks your attack.
The skeletal warrior is severely damaged.
The skeletal warrior blocks your attack.
The skeletal warrior is severely damaged.
The skeletal warrior hits you with a +7 flail!!
* * * LOW HITPOINT WARNING * * *
The skeletal warrior blocks your attack.
Your claw misses the skeletal warrior.
The skeletal warrior is severely damaged.
You scratch the skeletal warrior.
The skeletal warrior is severely damaged.
The skeletal warrior barely misses you.
The skeletal warrior blocks your attack.
The skeletal warrior is severely damaged.
The skeletal warrior hits you with a +7 flail!!
* * * LOW HITPOINT WARNING * * *
You scratch the skeletal warrior.
The skeletal warrior is severely damaged.
The skeletal warrior blocks your attack.
The skeletal warrior is severely damaged.
The skeletal warrior hits you with a +7 flail!
You die...

####........#
##...........# .
#§§§..§......# ###.
#§§§§§#....[.###...
##§§§##........#.##
#§§§#.......#.'...
#§§§#.......###.##
#§§§######.## #...
#@§§# #.# ####
#§z§# #.# #§§§# ..#
# §§§§§§ .## .
.§.#.§.8 .
.........# .
##...##### . #...#
. .


You could see a skeletal warrior.

Vanquished Creatures
  A two-headed ogre (D:8)
  2 ugly things
  Maggie (D:6)
  A gargoyle (D:10)
  A kobold demonologist (D:7)
  Prince Ribbit (D:7)
  A wraith (D:9)
  A wyvern (D:9)
  8 yaks
  A vampire mosquito (D:6)
  2 acid dragons (D:6)
  2 orc warriors
  A black bear (D:8)
  A sky beast (D:7)
  A centaur (D:9)
  8 kobold brigands
  A phantom (D:6)
  4 bullfrogs
  2 gnoll sergeants
  2 scorpions
  4 killer bees (D:9)
  4 wights (D:8)
  A crimson imp (D:6)
  4 centaur zombies
  2 hounds (D:5)
  5 orc priests
  2 jellies
  A bullfrog skeleton (D:5)
  A centaur skeleton (D:7)
  An iguana (D:4)
  6 orc wizards
  A killer bee zombie (D:5)
  A hound skeleton (D:4)
  A howler monkey zombie (D:5)
  11 adders
  7 gnolls
  5 river rats (Sewer)
  2 shadow imps
  A white imp (D:7)
  An ufetubus (D:6)
  An adder skeleton (D:4)
  3 worms
  3 dart slugs
  38 orcs
  5 bats
  5 endoplasms
  6 giant cockroaches
  8 goblins
  4 hobgoblins
  7 jackals
  4 quokkas
  9 ball pythons
  7 frilled lizards
  21 kobolds
  24 rats
248 creatures vanquished.

Vanquished Creatures (collateral kills)
  The ghost of Phlounder the Thaumaturge, a novice DjIE of Makhleb (D:9)
  A deep elf pyromancer (D:9)
  A freezing wraith (D:9)
  3 wraiths (D:9)
  2 yaks (D:9)
  A centaur (D:9)
  A killer bee (D:9)
10 creatures vanquished.

Vanquished Creatures (others)
  20 fungi (D:8)
  24 plants (D:8)
44 creatures vanquished.

Grand Total: 302 creatures vanquished

Notes
Turn   | Place    | Note
-------+----------+-------------------------------------------
     0 | D:1      | robertstho the Troll Berserker began the quest for the Orb.
     0 | D:1      | Reached XP level 1. HP: 22/22 MP: 0/0
     6 | D:1      | Found Cyxzi's Book Shop.
    67 | D:1      | Found Emiruq's Antique Weapon Shop.
   104 | D:1      | Found Kimuke's Magic Scroll Boutique.
   173 | D:1      | Reached XP level 2. HP: 29/29 MP: 1/1
   535 | D:1      | Reached ** piety under Trog
   544 | D:1      | Found a faded altar of an unknown god.
   791 | D:2      | Reached XP level 3. HP: 34/36 MP: 2/2
  1184 | D:2      | Reached XP level 4. HP: 45/45 MP: 3/3
  1232 | D:2      | Reached skill level 1 in Armour
  1285 | D:2      | Reached skill level 4 in Unarmed Combat
  1606 | D:3      | Reached XP level 5. HP: 34/53 MP: 4/4
  1640 | D:3      | Found a shimmering blue altar of Sif Muna.
  1887 | D:3      | Reached *** piety under Trog
  1996 | D:3      | Reached XP level 6. HP: 49/61 MP: 5/5
  2027 | D:3      | Reached skill level 5 in Unarmed Combat
  2280 | D:4      | Found a staircase to the Ecumenical Temple.
  2498 | D:4      | Found Nier's Jewellery Boutique.
  2712 | D:4      | Found a glowing silver altar of Zin.
  2735 | D:5      | Entered Level 5 of the Dungeon
  3095 | D:5      | Found a hide-covered altar of Uskayaw.
  3135 | D:5      | Reached XP level 7. HP: 38/67 MP: 6/6
  3203 | D:5      | Reached skill level 6 in Unarmed Combat
  3203 | D:5      | Reached **** piety under Trog
  3449 | D:6      | Noticed Maggie
  3459 | D:6      | Killed Maggie
  3571 | D:6      | Reached XP level 8. HP: 70/78 MP: 7/7
  3597 | D:6      | Reached skill level 7 in Unarmed Combat
  3780 | D:6      | Found a glowing drain.
  3789 | Sewer    | Entered a sewer
  3978 | Sewer    | Reached skill level 8 in Unarmed Combat
  4751 | D:6      | Found a shimmering altar of Xom.
  4751 | D:6      | Found a burning altar of Makhleb.
  4775 | D:6      | Found a sparkling altar of Nemelex Xobeh.
  5051 | D:7      | Reached XP level 9. HP: 85/85 MP: 8/8
  5145 | D:7      | Reached ***** piety under Trog
  5159 | D:7      | Found a snail-covered altar of Cheibriados.
  5356 | D:7      | Noticed Prince Ribbit
  5366 | D:7      | Killed Prince Ribbit
  5367 | D:7      | Reached skill level 9 in Unarmed Combat
  5424 | D:7      | Noticed a kobold demonologist
  5426 | D:7      | Noticed a hellwing
  5428 | D:7      | Noticed a hellwing
  5435 | D:7      | Killed a kobold demonologist
  5436 | D:7      | Reached skill level 5 in Fighting
  5446 | D:7      | Reached skill level 1 in Stealth
  5636 | D:7      | Found a shadowy altar of Dithmenos.
  6019 | D:8      | Noticed a two-headed ogre
  6025 | D:8      | Killed a two-headed ogre
  6026 | D:8      | Reached skill level 5 in Armour
  6026 | D:8      | Reached skill level 5 in Dodging
  6026 | D:8      | Reached skill level 10 in Unarmed Combat
  6165 | D:8      | Reached XP level 10. HP: 81/96 MP: 9/9
  6322 | D:8      | Found a staircase to the Lair.
  6353 | D:8      | Noticed Maurice
  6541 | D:9      | Received a gift from Trog
  6636 | D:9      | Noticed a brown ugly thing
  6659 | D:9      | Reached skill level 11 in Unarmed Combat
  6662 | D:9      | Killed a brown ugly thing
  6840 | D:9      | Noticed a deep elf pyromancer
  6843 | D:9      | Killed a deep elf pyromancer
  6924 | D:9      | Found a blossoming altar of Fedhas.
  7035 | D:9      | Found a runed translucent gate.
  7035 | D:9      | Found a runed translucent gate.
  7035 | D:9      | Found a runed translucent gate.
  7037 | D:9      | Noticed Phlounder's ghost (novice DjIE)
  7279 | D:9      | Killed Phlounder's ghost
  7285 | D:9      | Reached XP level 11. HP: 58/105 MP: 10/10
  7329 | D:10     | Entered Level 10 of the Dungeon
  7411 | D:10     | Noticed a cyan ugly thing
  7422 | D:10     | Killed a cyan ugly thing
  7493 | D:10     | Noticed a skeletal warrior
  7518 | D:10     | HP: 6/160 [skeletal warrior (26)]
  7520 | D:10     | Slain by a skeletal warrior

Illustrated notes

Levels and vault maps discovered:
D:1:      erik_arrival_orb_chamber, layout_loops_ring, serial_shops,
          shop_scrolls, shop, shop, hellmonk_ecumenical_altar_defaced_shrine,
          st_stairs_2
D:2:      layout_loops_cross
D:3:      layout_loops_ring, kennysheep_orc_sif_temple, due_unseen_surprise
D:4:      layout_cave_pools, zin_scriptorium, minmay_temple_entry_antechambers,
          serial_shops, nicolae_take_the_stairs
D:5:      layout_basic, eat_drink_and_be_merry_uskayaw, minmay_misc_feat_encased
D:6:      layout_cave_pools, grunt_temple_overflow_champion_of_chaos,
          nemelex_diamond_rough_becter, gup_sewer_entry_pipe, kb_rosetta,
          uniq_maggie
D:7:      layout_basic, amcnicky_altar_gilded, mainiacjoe_overflow_paths,
          uniq_prince_ribbit1
D:8:      layout_loops_ring, grunt_lair_entry_orc_guard_hut, uniq_maurice
D:9:      layout_rooms, mainiacjoe_overflow_surrounded_room,
          gammafunk_ghost_spectres
D:10:     layout_roguey, beargit_hepliaklqana_dungeon_heroes,
          jmf_multi_god_temple, nicolae_ru_the_path_less_chosen,
          gammafunk_ghost_smash, uniq_harold

Skill      XL: |  1  2  3  4  5  6  7  8  9 10 11 |
---------------+----------------------------------+-----
Fighting       | 3 4 5 6 |  6.4
Armour         | 1 2 3 4 5 6 7 |  7.0
Unarmed Combat | 4 5 6 8 10 11 | 11.8
Dodging        | 3 4 5 |  5.6
Stealth        | 1 |  1.1

Action                   |  1- 3 |  4- 6 |  7- 9 | 10-12 || total
-------------------------+-------+-------+-------+-------++-------
Melee: Unarmed           |    89 |   178 |   311 |   184 ||   762
       Punch             |     2 |     2 |    11 |     9 ||    24
Invok: Berserk           |       |     1 |     3 |     5 ||     9
       Brothers in Arms  |       |       |       |     2 ||     2
       Trog's Hand       |       |       |       |     1 ||     1
  Use: Potion            |       |     1 |       |       ||     1
       Scroll            |       |     6 |     9 |     1 ||    16
Armor: Animal skin       |    25 |    74 |     4 |       ||   103
       Acid dragon scale |       |       |   167 |    50 ||   217
Dodge: Dodged            |    30 |    77 |   206 |    75 ||   388

Table legend: (Time is in decaauts)
 A = Elapsed time spent in this place.
 B = Non-inter-level travel time spent in this place.
 C = Inter-level travel time spent in this place.
 D = Time resting spent in this place.
 E = Time spent auto-exploring this place.
 F = Levels seen in this place.
 G = Mean time per level.
                   A        B        C        D        E       F      G
               +--------+--------+--------+--------+--------+-----+--------+
         Total |   7543 |   7334 |    209 |    106 |   5602 |  11 |  685.7 |
       Dungeon |   6857 |   6648 |    209 |    106 |   5138 |  10 |  685.7 |
         Sewer |    686 |    686 |      0 |      0 |    464 |   1 |  686.0 |
               +--------+--------+--------+--------+--------+-----+--------+

Top non-repeatable levels by time:
     D:6: 928 daAuts
     D:9: 869 daAuts
     D:3: 839 daAuts
     D:1: 781 daAuts
     D:7: 719 daAuts
     D:5: 707 daAuts
     D:8: 699 daAuts
   Sewer: 686 daAuts
     D:2: 631 daAuts
     D:4: 471 daAuts
    D:10: 208 daAuts
